 Dungeon Crawl Stone Soup version 0.16-a0-3926-g4728e1c (webtiles) character file.

56475 plathrop the Warrior (level 14, -1/137 HPs)
             Began as a Minotaur Gladiator on Feb 5, 2015.
             Was a High Priest of Ru.
             Slain by a skeletal warrior
             ... wielding a +0 trident
              (15 damage)
             ... on level 14 of the Dungeon.
             The game lasted 01:23:30 (22248 turns).

plathrop the Warrior (Minotaur Gladiator)          Turns: 22248, Time: 01:23:30

Health: -1/137     AC: 21    Str: 20    XL:     14   Next: 42%
Magic:  5/5        EV: 24    Int:  8    God:    Ru [*****.]
Gold:   2022       SH:  0    Dex: 27    Spells: 2 memorised, 11 levels left

rFire  x . .     SeeInvis .     a - +3 lajatang (freeze)
rCold  . . .     Clarity  .     l - +0 plate armour
rNeg   . . .     SustAb   .     (no shield)
rPois  .         Gourm    .     c - +2 hat
rElec  +         Spirit   .     y - +2 cloak
rCorr  +         Warding  .     v - +2 pair of gloves
rMut   .         Stasis   .     n - +0 pair of boots
MR     +....                    D - amulet of resist corrosion
Stlth  ..........               k - ring of Departure {+cTele rElec rF- Int+5 Dex+5}
                                o - +3 ring of dexterity

@: agile, hasted, very quick, somewhat resistant to hostile enchantments,
extremely unstealthy
A: retaliatory headbutt, horns 2, clumsy 1, dopey 1, no stealth, inability to
use devices, hated by all, vulnerability to harm 1
a: Draw Out Power, Power Leap, Apocalypse, Renounce Religion


You were on level 14 of the Dungeon.
You worshipped Ru.
Ru was extremely pleased with you.
You were not hungry.

You visited 3 branches of the dungeon, and saw 23 of its levels.
You also visited: Bailey.

You collected 2022 gold pieces.

Inventory:

Hand weapons
 a - a +3 lajatang of freezing (weapon)
 b - the +1 quarterstaff "Telilet" {venom, Dex+3}
   (You found it on level 3 of the Lair of Beasts)

   It poisons the flesh of those it strikes.
   It affects your dexterity (+3).
Missiles
 d - 6 throwing nets (quivered)
Armour
 c - a +2 hat (worn)
 l - a +0 plate armour (worn)
 n - a +0 pair of boots (worn)
 v - a +2 pair of gloves (worn)
 y - a +2 cloak (worn)
Jewellery
 g - a +4 ring of strength
 k - the ring of Departure (right hand) {+cTele rElec rF- Int+5 Dex+5}
   (You took it off an orc on level 11 of the Dungeon)

   [ring of teleport control]

   It can be evoked for teleport control.
   It affects your intelligence (+5).
   It affects your dexterity (+5).
   It makes you vulnerable to fire.
   It insulates you from electricity.
 o - a +3 ring of dexterity (left hand)
 D - an amulet of resist corrosion (around neck)
Scrolls
 e - a scroll of magic mapping
 t - 7 scrolls of teleportation
 u - 9 scrolls of remove curse
 x - 2 scrolls of amnesia
 C - a scroll of enchant armour
 H - a scroll of fear
Potions
 i - 5 potions of restore abilities
 m - 2 potions of agility
 p - a potion of haste
 r - a potion of resistance
 w - a potion of flight
 z - a potion of cure mutation {unknown}
 B - 2 potions of brilliance
 E - 5 potions of curing
Comestibles
 f - 11 bread rations
 h - 55 fruits
 q - 13 meat rations


   Skills:
 - Level 16.1 Fighting
 - Level 15.0 Staves
 - Level 2.0 Throwing
 - Level 10.0 Armour
 + Level 15.3 Dodging


You had 11 spell levels left.
You knew the following spells:

 Your Spells              Type           Power        Failure   Level  Hunger
a - Apportation           Tloc           #.........   100%        1    ##.....
c - Summon Butterflies    Summ           #.......     100%        1    ##.....


Dungeon Overview and Level Annotations

Branches:
Dungeon (14/15)            Temple (1/1) D:5            Lair (8/8) D:11
 Shoals (0/5) Lair:6        Snake (0/5) Lair:6        Slime (0/6) Lair:8
    Orc (0/4) D:11
 Vaults: D:13-14

Altars:
Ashenzari
Cheibriados
Dithmenos
Elyvilon
Fedhas
Gozag
Kikubaaqudgha
Makhleb
Nemelex Xobeh
Okawaru
Qazlal
Ru
Sif Muna
Trog
Vehumet
Xom
Yredelemnul
Zin
The Shining One

Shops:
D:14 (

Portals:
Hell: Lair:8


Innate Abilities, Weirdness & Mutations

You reflexively headbutt those who attack you in melee.
You have a pair of horns on your head.
You are clumsy. (Dex -2)
You are dopey. (Int -2)
You cannot be stealthy.
You cannot study or use magical devices.
You are hated by all.
You take slightly more damage. (-3 AC)


Message History

* * * LOW HITPOINT WARNING * * *
The skeletal warrior hits you but does no damage. x2
The skeletal warrior completely misses you.
You furiously retaliate!
You headbutt the skeletal warrior, but do no damage.
Drink which item? (? for menu, Esc to quit)
You feel agile all of a sudden.
The skeletal warrior is stunned by your will and fails to attack.
The skeletal warrior hits you but does no damage. x2
The skeletal warrior is stunned by your will and fails to attack.
Drink which item? (? for menu, Esc to quit)
You feel yourself speed up.
The skeletal warrior completely misses you.
The skeletal warrior hits you but does no damage.
The skeletal warrior hits you with a dire flail!!
* * * LOW HITPOINT WARNING * * *
The skeletal warrior hits you with a war axe.
* * * LOW HITPOINT WARNING * * *
The skeletal warrior hits you from afar with a trident!
You die...

#.###.. #.$#..##### .
#...#....#..
###...........#
.)#####.............#
#.....$..[..<......##
#.....#..$.........#
#.>..#..!..<.......#
#z†@z..........#
.......zzz..........#
...................
#......!..........
.................
..<....∩......
............
.......... ....


You could see 5 skeletal warriors.

Vanquished Creatures
  Maud (Lair:6)
  Snorg (Lair:8)
  Josephine (D:12)
  Harold (Lair:1)
  9 hydras
  Erica (D:12)
  2 centaur warriors
  A hell beast (Lair:8)
  Nergalle (Lair:1)
  A catoblepas (Lair:6)
  Erolcha (D:9)
  A wizard (Lair:8)
  A hill giant (D:12)
  5 elephants (Lair:7)
  2 griffons
  5 ugly things
  3 black mambas
  A torpor snail (Lair:4)
  A centaur skeleton (D:12)
  4 orange demons (Lair:8)
  2 gargoyles
  15 komodo dragons
  3 fire drakes
  9 spiny frogs
  2 red devils (Lair:8)
  A hellwing (Lair:8)
  4 polar bears
  6 trolls
  The ghost of MorganLeah the Insei, an experienced SpTm of Okawaru (D:6)
  3 two-headed ogres
  2 boulder beetles
  3 blue devils (Lair:8)
  A wolf spider simulacrum (D:11)
  8 blink frogs
  2 basilisks
  A spriggan (Lair:1)
  2 wyverns
  2 hungry ghosts (D:8)
  A tarantella (Lair:6)
  7 wraiths
  31 yaks
  11 porcupines
  13 hippogriffs
  3 nagas (Lair:6)
  Menkaure (D:5)
  A hell hound (Lair:8)
  8 wolves
  12 water moccasins
  7 ogres
  An ice beast (D:9)
  A black bear (D:10)
  A wasp (Lair:1)
  5 orc warriors
  15 centaurs
  3 sky beasts
  17 crocodiles
  2 phantoms
  2 big kobolds
  15 giant frogs
  2 scorpions
  An electric eel (Lair:1)
  5 wights (D:9)
  6 killer bees (D:8)
  12 crimson imps
  7 hounds
  8 orc priests
  4 jellies
  2 giant frog skeletons
  15 iguanas
  18 orc wizards
  8 worker ants
  9 sheep
  3 worker ant zombies
  23 river rats
  28 adders
  7 gnolls
  12 white imps (D:13)
  3 worms
  3 shadow imps
  An adder skeleton (D:5)
  An adder zombie (D:8)
  4 giant geckos
  2 oozes (Lair:8)
  78 orcs
  A bat skeleton (D:5)
  5 giant cockroaches
  7 goblins
  14 hobgoblins
  13 jackals
  17 kobolds
  10 quokkas
  A ball python (D:2)
  14 bats
  A giant gecko skeleton (D:6)
  4 giant newts
  A quokka skeleton (D:5)
  21 rats
  2 spectral orcs (Lair:1)
  A ballistomycete (D:3)
  A fungus (D:11)
642 creatures vanquished.

Vanquished Creatures (others)
  A komodo dragon (Lair:1)
  A blink frog (Lair:5)
  A wraith (D:12)
  A water moccasin (D:9)
  A jelly (Lair:8)
  An iguana (Lair:1)
  An orc (D:11)
  A giant spore (D:3)
  14 fungi (D:11)
  3 plants (D:11)
25 creatures vanquished.

Grand Total: 667 creatures vanquished

Notes
Turn   | Place    | Note
--------------------------------------------------------------
     0 | D:1      | plathrop, the Minotaur Gladiator, began the quest for the Orb.
     0 | D:1      | Reached XP level 1. HP: 18/18 MP: 1/1
   260 | D:1      | Reached skill level 4 in Staves
   273 | D:1      | Reached XP level 2. HP: 13/25 MP: 1/1
   828 | D:1      | Reached skill level 5 in Staves
   951 | D:2      | Reached XP level 3. HP: 28/30 MP: 2/2
  1027 | D:2      | Found a blossoming altar of Fedhas.
  1401 | D:2      | Reached XP level 4. HP: 33/37 MP: 2/2
  1406 | D:2      | Reached skill level 6 in Staves
  2142 | D:3      | Found a shimmering altar of Xom.
  2281 | D:3      | Reached XP level 5. HP: 42/42 MP: 2/2
  2427 | D:3      | Reached skill level 7 in Staves
  2808 | D:4      | Found a glowing golden altar of the Shining One.
  2809 | D:4      | Noticed a phantom
  2820 | D:4      | Killed a phantom
  2820 | D:4      | Reached skill level 8 in Staves
  2824 | D:4      | Reached XP level 6. HP: 47/50 MP: 3/3
  3079 | D:5      | Entered Level 5 of the Dungeon
  3151 | D:5      | Reached skill level 9 in Staves
  3151 | D:5      | Reached XP level 7. HP: 55/59 MP: 3/3
  3367 | D:5      | Found a staircase to the Ecumenical Temple.
  3384 | Temple   | Entered the Ecumenical Temple
  3420 | Temple   | Became a worshipper of Ru the Awakened
  3729 | D:5      | Reached skill level 5 in Fighting
  3886 | D:5      | Noticed Menkaure
  3893 | D:5      | Killed Menkaure
  4118 | D:6      | Reached skill level 10 in Staves
  4198 | D:6      | Noticed MorganLeah's ghost (experienced SpTm)
  4220 | D:6      | Killed MorganLeah's ghost
  4220 | D:6      | Reached XP level 8. HP: 22/68 MP: 3/3
  4628 | D:6      | Found a shadowy altar of Dithmenos.
  4628 | D:6      | Found an opulent altar of Gozag.
  4630 | D:6      | Found a basalt altar of Yredelemnul.
  4630 | D:6      | Found a radiant altar of Vehumet.
  4631 | D:6      | Found an iron altar of Okawaru.
  4631 | D:6      | Found a sparkling altar of Nemelex Xobeh.
  4631 | D:6      | Found an ancient bone altar of Kikubaaqudgha.
  4724 | D:6      | Reached skill level 5 in Armour
  4946 | D:6      | Reached skill level 11 in Staves
  5209 | D:6      | Gained mutation: You are clumsy. (Dex -2) [Ru sacrifice]
  5520 | D:7      | Found a stormy altar of Qazlal.
  5700 | D:7      | Reached skill level 5 in Dodging
  5821 | D:7      | Reached skill level 1 in Evocations
  5970 | D:7      | Reached XP level 9. HP: 58/74 MP: 6/6
  6488 | D:8      | Reached skill level 12 in Staves
  6794 | D:8      | Got a distressingly furry buckler
  6882 | D:8      | Gained mutation: You cannot be stealthy. [Ru sacrifice]
  6882 | D:8      | Acquired Ru's first power
  7283 | D:8      | Found a glowing silver altar of Zin.
  7412 | D:8      | Reached skill level 5 in Evocations
  7483 | D:8      | Reached skill level 13 in Staves
  7944 | D:9      | Noticed Erolcha
  7954 | D:9      | Killed Erolcha
  7954 | D:9      | Reached XP level 10. HP: 81/81 MP: 12/12
  8617 | D:9      | Reached skill level 14 in Staves
  8961 | D:9      | Gained mutation: You cannot study or use magical devices. [Ru sacrifice]
  8961 | D:9      | Acquired Ru's second power
  8961 | D:9      | Acquired Ru's third power
  8961 | D:9      | Acquired Ru's fourth power
  8993 | D:10     | Entered Level 10 of the Dungeon
  9822 | D:11     | Noticed a four-headed hydra
  9833 | D:11     | Killed a four-headed hydra
  9833 | D:11     | Reached skill level 15 in Staves
  9833 | D:11     | Reached skill level 10 in Armour
  9833 | D:11     | Reached XP level 11. HP: 64/86 MP: 4/4
  9990 | D:11     | Found a staircase to the Lair.
 10116 | D:11     | Noticed a centaur warrior
 10117 | D:11     | Noticed a red ugly thing
 10125 | D:11     | Killed a centaur warrior
 10135 | D:11     | Killed a red ugly thing
 10694 | D:11     | Found a staircase to the Orcish Mines.
 11022 | D:11     | Got a bound tin ring
 11085 | D:11     | Identified the ring of Departure {+cTele rElec rF- Int+5 Dex+5} (You took it off an orc on level 11 of the Dungeon)
 11342 | D:12     | Noticed a hill giant
 11358 | D:12     | Killed a hill giant
 11358 | D:12     | Reached skill level 10 in Fighting
 11387 | D:12     | Noticed Erica
 11400 | D:12     | Killed Erica
 11547 | D:12     | Learned a level 1 spell: Apportation
 11551 | D:12     | Learned a level 3 spell: Tukima's Dance
 11553 | D:12     | Learned a level 1 spell: Summon Butterflies
 11577 | D:12     | Noticed Josephine
 11600 | D:12     | Killed Josephine
 11640 | D:12     | Found a labyrinth entrance.
 12342 | D:13     | Noticed a centaur warrior
 12352 | D:13     | Killed a centaur warrior
 12352 | D:13     | Reached XP level 12. HP: 49/106 MP: 5/5
 12363 | D:13     | Found a flagged portal.
 12373 | Bailey   | Entered a bailey
 12866 | D:13     | Found a frozen archway.
 12938 | D:13     | Found a white marble altar of Elyvilon.
 13421 | D:11     | Reached skill level 10 in Dodging
 13442 | Lair:1   | Entered Level 1 of the Lair of Beasts
 13495 | Lair:1   | Noticed Nergalle
 13554 | Lair:1   | Killed Nergalle
 13994 | Lair:1   | Noticed Harold
 14013 | Lair:1   | Killed Harold
 15618 | Lair:2   | Noticed a five-headed hydra
 15630 | Lair:2   | Killed a five-headed hydra
 16274 | Lair:3   | Got an iridescent quarterstaff
 16275 | Lair:3   | Identified the +1 quarterstaff "Telilet" {venom, Dex+3} (You found it on level 3 of the Lair of Beasts)
 16557 | Lair:4   | Reached XP level 13. HP: 75/125 MP: 5/5
 16567 | Lair:4   | HP: 6/125 [poisoned by a spiny frog]
 17101 | Lair:4   | Gained mutation: You are dopey. (Int -2) [Ru sacrifice]
 17390 | Lair:4   | Reached skill level 15 in Fighting
 18158 | Lair:5   | Reached skill level 16 in Fighting
 18608 | Lair:6   | Noticed Maud
 18628 | Lair:6   | Killed Maud
 18851 | Lair:6   | Found a staircase to the Snake Pit.
 19060 | Lair:6   | Found a hole to the Spider Nest.
 19168 | Lair:6   | Found a staircase to the Shoals.
 19229 | Lair:6   | Gained mutation: You take slightly more damage. (-3 AC) [Ru sacrifice]
 19229 | Lair:6   | Acquired Ru's fifth power
 20626 | Lair:8   | Entered Level 8 of the Lair of Beasts
 20705 | Lair:8   | Found a shimmering altar of Xom.
 20713 | Lair:8   | Reached XP level 14. HP: 137/137 MP: 5/5
 20785 | Lair:8   | Noticed Snorg
 20802 | Lair:8   | Killed Snorg
 20819 | Lair:8   | Found a staircase to the Slime Pits.
 20821 | Lair:8   | Gained mutation: You are hated by all. [Ru sacrifice]
 21458 | Lair:8   | Found a burning altar of Makhleb.
 21529 | Lair:8   | Found a gateway to Hell.
 21530 | Lair:8   | Reached skill level 15 in Dodging
 22228 | D:14     | Found Shrueto's Weapon Emporium.
 22248 | D:14     | Slain by a skeletal warrior

Action                   |  1- 3 |  4- 6 |  7- 9 | 10-12 | 13-15 || total
-------------------------+-------+-------+-------+-------+-------++-------
Melee: Quarterstaff      |    83 |   143 |   410 |   752 |   698 ||  2086
       Lajatang          |       |       |       |   191 |    17 ||   208
Invok: Sacrifice Purity  |       |       |     1 |       |     1 ||     2
       Sacrifice Stealth |       |       |     1 |       |       ||     1
       Sacrifice Artific |       |       |       |     1 |       ||     1
       Reject Sacrifices |       |       |       |     2 |       ||     2
       Draw Out Power    |       |       |       |       |     3 ||     3
       Sacrifice Health  |       |       |       |       |     1 ||     1
       Sacrifice Love    |       |       |       |       |     1 ||     1
Evoke: Wand              |       |       |     1 |       |       ||     1
  Use: Scroll            |     3 |     8 |     8 |    12 |     7 ||    38
       Potion            |       |       |     7 |     1 |    10 ||    18
 Stab: Invisible         |       |       |       |     5 |    21 ||    26
       Distracted        |       |       |       |     1 |     2 ||     3
       Paralysed         |       |       |       |     1 |     3 ||     4
  Eat: Chunk             |     2 |     5 |     5 |    22 |    12 ||    46
       Meat ration       |       |       |     2 |       |       ||     2
       Beef jerky        |       |       |       |     4 |     1 ||     5
       Pizza             |       |       |       |     1 |     4 ||     5
